 Dungeon Crawl Stone Soup version 0.24.0-37-gcf1ca852f1 (webtiles) character file.

Game seed: 3607973104949929392, levelgen mode: deterministic

41 Mrkan the Sneak (level 3, 0/18 HPs)
             Began as a Spriggan Assassin on Nov 25, 2019.
             Succumbed to an adder's poison
             ... on level 2 of the Dungeon.
             The game lasted 00:02:21 (919 turns).

Mrkan the Sneak (Spriggan Assassin)                  Turns: 919, Time: 00:02:21

Health: 0/18       AC:  3    Str:  7    XL:     3   Next: 32%
Magic:  4/4        EV: 23    Int: 12    God:
Gold:   8          SH:  0    Dex: 21    Spells: 2/2 levels left

rFire    . . .     SeeInvis +   a - +2 dagger
rCold    . . .     Gourm    .   (shield restricted)
rNeg     . . .     Faith    .   b - +0 robe
rPois    .         Spirit   .   (helmet restricted)
rElec    .         Reflect  .   c - +0 cloak
rCorr    .         Harm     .   (gloves unavailable)
MR       .....                  (boots unavailable)
Stlth    +++++.....             (no amulet)
HPRegen  0.06/turn              (no ring)
MPRegen  0.09/turn              (no ring)

@: agile, lethally poisoned (0 -> -5), very quick
A: very small, unfitting armour, see invisible, clumsy 1, herbivore, speed 3,
sense surroundings 1, slow metabolism 2
a: no special abilities


You were on level 2 of the Dungeon.
You were not hungry.

You visited 1 branch of the dungeon, and saw 2 of its levels.

You collected 8 gold pieces.

Inventory:

Hand Weapons
 a - a +2 dagger (weapon)
Missiles
 d - 8 poisoned darts (quivered)
 e - 2 curare-tipped darts
Armour
 b - a +0 robe (worn)
 c - a +0 cloak (worn)
Jewellery
 h - a cursed ring of attention {unknown}
Scrolls
 i - a scroll of enchant armour {unknown}
Potions
 j - a potion of magic
Comestibles
 f - 3 rations


   Skills:
 - Level 1.5 Fighting
 + Level 2.8 Short Blades
 - Level 2.0 Throwing
 + Level 2.7 Dodging
 * Level 6.9 Stealth


You had 2 spell levels left.
You didn't know any spells.
Your spell library was empty.

Dungeon Overview and Level Annotations

Branches:
Dungeon (2/15)

Altars:


Innate Abilities, Weirdness & Mutations

You are very small and have problems with some larger weapons.
You are too small for most types of armour.
You have supernaturally acute eyesight. (SInv)
You are a herbivore.
You cover ground extremely quickly.
You need to consume almost no food.
You are clumsy. (Dex -2)
You passively map a small area around you.


Message History

You see here an adder corpse.
Okay, then.
It was a potion of magic.
Magic courses through your body.
It was a potion of mutation.
You feel extremely strange.
You feel clumsy.
You feel a strange attunement to the structure of the dungeons.
* * * LOW HITPOINT WARNING * * *
You feel sick.
It was a potion of agility.
You feel agile all of a sudden.
There is a lethal amount of poison in your body!
* * * LOW HITPOINT WARNING * * *
You feel sick.
There is a stone staircase leading up here.
As you read the scroll labeled YXIEJU WARUROM, it crumbles to dust.
You feel aware of your surroundings.
You sensed 1 altar.
It was a scroll of magic mapping.
Okay, then.
There is a lethal amount of poison in your body!
You die...

*,,,,* *,,,,,**,****
**********,**** *****,,,,,,,***
,,,,,,,,,,,***************,**,,,,
****,,,,,,,,,,,,,,,,,,,,,,,,,,,,,
,,,,,*********************,,,****
,,,,,* ***,,,,, ,,,,,#######*
******
,,,,>.......############*********
,,,,******#.†..<@.......,,,,,,,,,
,,,,* ##############*********
*****


There were no monsters in sight!

Vanquished Creatures
  An adder (D:2)
  An ooze (D:1)
  A dart slug (D:1)
  A ball python (D:1)
  5 bats (D:1)
  6 goblins (D:1)
  3 hobgoblins (D:1)
  3 kobolds (D:1)
  2 frilled lizards (D:1)
  A rat (D:1)
24 creatures vanquished.

Notes
Turn   | Place    | Note
-------+----------+-------------------------------------------
     0 | D:1      | Mrkan the Spriggan Assassin began the quest for the Orb.
     0 | D:1      | Reached XP level 1. HP: 10/10 MP: 2/2
    56 | D:1      | Reached skill level 6 in Stealth
   149 | D:1      | Reached XP level 2. HP: 14/14 MP: 3/3
   686 | D:1      | Reached XP level 3. HP: 18/18 MP: 4/4
   910 | D:2      | Gained mutation: You are clumsy. (Dex -2) [potion of
                  | mutation]
   910 | D:2      | Gained mutation: You passively map a small area around you.
                  | [potion of mutation]
   919 | D:2      | Succumbed to an adder's poison

Levels and vault maps discovered:
D:1:      ebering_trefoil_3fold, layout_loops_ring
D:2:      layout_rooms, vehumet_crystals

Skill      XL: |  1 |
---------------+----+-----
Stealth        | 6 |  6.9
Dodging        | 2 |  2.7
Fighting       | |  1.5
Short Blades   | |  2.8
Throwing       | |  2.0

Action                   || total
-------------------------++-------
Melee: Dagger            ||    91
  Use: Potion            ||     3
       Scroll            ||     1
 Stab: Sleeping          ||     6
Armor: Robe              ||     5
Dodge: Dodged            ||    66
